APP
PULASKI YANKEES @ BOSTON (APP) RED SOX
07/07/2044
 
TOP OF THE 1ST
Pulaski Yankees batting - Pitching for Boston (APP) Red Sox : RHP Jon Olivo
Pitching: RHP Jon Olivo
Batting: LHB Joel Vera 0-0: Ball
1-0: Foul Ball, location: 2F
1-1: Swinging Strike
1-2: Strikes out swinging
Batting: LHB Dan Morris 0-0: Ball
1-0: Ball
2-0: Called Strike
2-1: Ball
3-1: Base on Balls
Batting: SHB Blake Abbott 0-0: Called Strike
0-1: Ball
1-1: Fly out, F6 (Flyball, 4MD, EV 86.9 MPH)
Batting: RHB Mike Gifford 0-0: Ball
1-0: Called Strike
1-1: Ball
2-1: Fly out, F5 (Flyball, 5D, EV 86.9 MPH)
Top of the 1st over - 0 runs, 0 hits, 0 errors, 1 left on base; Pulaski 0 - Boston (APP) 0
BOTTOM OF THE 1ST
Boston (APP) Red Sox batting - Pitching for Pulaski Yankees : RHP Tony Black
Pitching: RHP Tony Black
Batting: LHB Stanislav Parusov 0-0: Swinging Strike
0-1: SOLO HOME RUN (Flyball, 89XD, EV 96.9 MPH), Distance : 400 ft
Batting: RHB Matt Hinkle 0-0: Ball
1-0: Fly out, F9 (Line Drive, 9D, EV 93.8 MPH)
Batting: RHB Frank Sokolosky 0-0: Ball
1-0: Ball
2-0: Ball
3-0: Called Strike
3-1: Foul Ball, location: 2F
3-2: Foul Ball, location: 2F
3-2: Base on Balls
Batting: RHB William Lung 0-0: Called Strike
Frank Sokolosky is caught stealing 2nd base 2-4
0-1: Ball
1-1: Ball
2-1: Ball
3-1: Swinging Strike
3-2: Foul Ball, location: 2F
3-2: Foul Ball, location: 2F
3-2: Foul Ball, location: 2F
3-2: SINGLE (Groundball, 6S, EV 76.9 MPH) (infield hit)
Batting: LHB Frank Olivo 0-0: SINGLE (Line Drive, 8LS, EV 98.8 MPH)
William Lung to second
Batting: RHB Mike Strey 0-0: Ball
1-0: Foul Ball, location: 2F
1-1: Ball
2-1: Ball
3-1: Foul Ball, location: 2F
3-2: Base on Balls
William Lung to third
Frank Olivo to second
Batting: RHB Dominique Paolozzi 0-0: Ball
1-0: Foul Ball, location: 2F
1-1: Foul Ball, location: 2F
1-2: Strikes out swinging
Bottom of the 1st over - 1 run, 3 hits, 0 errors, 3 left on base; Pulaski 0 - Boston (APP) 1
TOP OF THE 2ND
Pulaski Yankees batting - Pitching for Boston (APP) Red Sox : RHP Jon Olivo
Batting: RHB Bobby Melillo 0-0: Ball
1-0: Ball
2-0: Ground out 3-1 (Groundball, 34S, EV 67.5 MPH)
Batting: SHB Victor Ruiz 0-0: Ball
1-0: Ball
2-0: Ball
3-0: Base on Balls
Batting: RHB Johannes Gutermuth 0-0: Called Strike
0-1: DOUBLE (Groundball, 5L, EV 99.4 MPH)
Victor Ruiz to third
Batting: SHB Joe Fure 0-0: Called Strike
0-1: Foul Ball, location: 2F
0-2: Ground out U3 (Groundball, 34, EV 103.1 MPH)
Victor Ruiz scores
Johannes Gutermuth to third
Batting: RHB Roberto Tena 0-0: Called Strike
0-1: Ball
1-1: Foul Ball, location: 2F
1-2: Ground out 6-3 (Groundball, 6, EV 99.4 MPH)
Top of the 2nd over - 1 run, 1 hit, 0 errors, 1 left on base; Pulaski 1 - Boston (APP) 1
BOTTOM OF THE 2ND
Boston (APP) Red Sox batting - Pitching for Pulaski Yankees : RHP Tony Black
Batting: RHB Rogelio Cervantes 0-0: Swinging Strike
0-1: Foul Ball, location: 2F
0-2: Reached on error, E6 (Groundball, 6, EV 89.4 MPH)
Batting: RHB Joe Booth 0-0: Ball
1-0: Called Strike
1-1: Ball
2-1: Called Strike
2-2: Reached on error, E6 (Groundball, 6, EV 94.4 MPH)
Rogelio Cervantes to second
Batting: LHB Stanislav Parusov 0-0: Called Strike
0-1: Ball
1-1: Foul Ball, location: 2F
1-2: Ball
2-2: Fielders Choice at 2nd, 5-4 (Groundball, 56, EV 101.9 MPH)
Rogelio Cervantes to third
Batting: RHB Matt Hinkle 0-0: Ball
Wild Pitch!
Rogelio Cervantes scores
Stanislav Parusov to second
1-0: Foul Ball, location: 2F
1-1: Ball
2-1: Ball
3-1: Base on Balls
Batting: RHB Frank Sokolosky 0-0: Ball
1-0: Ball
2-0: DOUBLE (Line Drive, 89M, EV 96.9 MPH)
Stanislav Parusov scores
Matt Hinkle to third
Batting: RHB William Lung 0-0: Ball
1-0: Foul Ball, location: 2F
1-1: Ball
2-1: Ball
3-1: Called Strike
3-2: Base on Balls
Batting: LHB Frank Olivo 0-0: Foul Ball, location: 2F
0-1: Fly out, F9 (Flyball, 9LM, EV 99.4 MPH)
Runner from 3rd tags up, OUT at HOME! 9-2
Bottom of the 2nd over - 2 runs, 1 hit, 2 errors, 2 left on base; Pulaski 1 - Boston (APP) 3
TOP OF THE 3RD
Pulaski Yankees batting - Pitching for Boston (APP) Red Sox : RHP Jon Olivo
Batting: LHB Joel Vera 0-0: Ball
1-0: Fly out, F8 (Flyball, 78M, EV 96.9 MPH)
Batting: LHB Dan Morris 0-0: Foul Ball, location: 2F
0-1: Ball
1-1: Called Strike
1-2: Strikes out swinging
Batting: SHB Blake Abbott 0-0: Foul Ball, location: 2F
0-1: Ball
1-1: Swinging Strike
1-2: Strikes out swinging
Top of the 3rd over - 0 runs, 0 hits, 0 errors, 0 left on base; Pulaski 1 - Boston (APP) 3
BOTTOM OF THE 3RD
Boston (APP) Red Sox batting - Pitching for Pulaski Yankees : RHP Tony Black
Batting: RHB Mike Strey 0-0: Fly out, F8 (Flyball, 8LD, EV 105.0 MPH)
Batting: RHB Dominique Paolozzi 0-0: Swinging Strike
0-1: Ball
1-1: Ball
2-1: Foul Ball, location: 2F
2-2: Ground out 6-3 (Groundball, 6, EV 87.5 MPH)
Batting: RHB Rogelio Cervantes 0-0: Ball
1-0: Foul Ball, location: 2F
1-1: DOUBLE (Line Drive, 9LM, EV 90.0 MPH)
Batting: RHB Joe Booth 0-0: Foul Ball, location: 2F
0-1: Foul Ball, location: 2F
0-2: Strikes out swinging
Bottom of the 3rd over - 0 runs, 1 hit, 0 errors, 1 left on base; Pulaski 1 - Boston (APP) 3
TOP OF THE 4TH
Pulaski Yankees batting - Pitching for Boston (APP) Red Sox : RHP Jon Olivo
Batting: RHB Mike Gifford 0-0: Ball
1-0: Foul Ball, location: 2F
1-1: Ball
2-1: Ground out 4-3 (Groundball, 4M, EV 86.3 MPH)
Batting: RHB Bobby Melillo 0-0: Called Strike
0-1: SINGLE (Groundball, 4MD, EV 97.5 MPH)
Batting: SHB Victor Ruiz 0-0: Called Strike
Bobby Melillo steals 2nd base
0-1: Ball
1-1: SINGLE (Groundball, 56, EV 106.3 MPH)
Bobby Melillo to third
Runner from 3rd tries for Home, SAFE, throw by LF to home
Batting: RHB Johannes Gutermuth 0-0: Ball
Wild Pitch!
Victor Ruiz to second
1-0: Fly out, F8 (Flyball, 8LD, EV 80.0 MPH)
Batting: SHB Joe Fure 0-0: Fly out, F7 (Flyball, 78XD, EV 110.6 MPH)
Top of the 4th over - 1 run, 2 hits, 0 errors, 1 left on base; Pulaski 2 - Boston (APP) 3
BOTTOM OF THE 4TH
Boston (APP) Red Sox batting - Pitching for Pulaski Yankees : RHP Tony Black
Batting: LHB Stanislav Parusov 0-0: Ball
1-0: Ground out 5-3 (Groundball, 56, EV 84.4 MPH)
Batting: RHB Matt Hinkle 0-0: Swinging Strike
0-1: Foul Ball, location: 2F
0-2: Ball
1-2: Ball
2-2: Foul Ball, location: 2F
2-2: Ground out 5-3 (Groundball, 56, EV 86.9 MPH)
Batting: RHB Frank Sokolosky 0-0: Ball
1-0: Ball
2-0: Ball
3-0: Called Strike
3-1: Fly out, F6 (Popup, 6MS, EV 76.3 MPH)
Bottom of the 4th over - 0 runs, 0 hits, 0 errors, 0 left on base; Pulaski 2 - Boston (APP) 3
TOP OF THE 5TH
Pulaski Yankees batting - Pitching for Boston (APP) Red Sox : RHP Jon Olivo
Batting: RHB Roberto Tena 0-0: Called Strike
0-1: Ground out 6-3 (Groundball, 56, EV 82.5 MPH)
Batting: LHB Joel Vera 0-0: Ball
1-0: Ball
2-0: Called Strike
2-1: Ball
3-1: Foul Ball, location: 2F
3-2: Base on Balls
Batting: LHB Dan Morris 0-0: Called Strike
0-1: Foul Ball, location: 2F
0-2: Ball
Wild Pitch!
Joel Vera to second
1-2: Ball
2-2: Foul Ball, location: 2F
2-2: Strikes out swinging
Batting: SHB Blake Abbott 0-0: Ball
1-0: Ball
2-0: Called Strike
2-1: Foul Ball, location: 2F
2-2: 2-RUN HOME RUN (Line Drive, 89XD, EV 98.8 MPH) (Inside the Park)
Batting: RHB Mike Gifford 0-0: Called Strike
0-1: Ball
1-1: Ball
2-1: Ball
3-1: Base on Balls
Batting: RHB Bobby Melillo 0-0: Called Strike
0-1: Ball
1-1: Called Strike
1-2: Ball
2-2: Ball
Mike Gifford steals 2nd base
3-2: Fly out, F8 (Flyball, 89XD, EV 86.9 MPH)
Top of the 5th over - 2 runs, 1 hit, 0 errors, 1 left on base; Pulaski 4 - Boston (APP) 3
BOTTOM OF THE 5TH
Boston (APP) Red Sox batting - Pitching for Pulaski Yankees : RHP Tony Black
Pitching: RHP Vince DeFord
Batting: RHB William Lung 0-0: Swinging Strike
0-1: Swinging Strike
0-2: Strikes out swinging
Batting: LHB Frank Olivo 0-0: Swinging Strike
0-1: Foul Ball, location: 2F
0-2: Foul Ball, location: 2F
0-2: Foul Ball, location: 2F
0-2: DOUBLE (Line Drive, 78M, EV 105.6 MPH)
Batting: RHB Mike Strey 0-0: Ground out 1-3 (Groundball, P, EV 63.8 MPH)
Frank Olivo to third
Batting: SHB Eric Evans 0-0: Swinging Strike
0-1: Foul Ball, location: 2F
0-2: Ball
1-2: Foul Ball, location: 2F
1-2: Strikes out looking
Bottom of the 5th over - 0 runs, 1 hit, 0 errors, 1 left on base; Pulaski 4 - Boston (APP) 3
TOP OF THE 6TH
Pulaski Yankees batting - Pitching for Boston (APP) Red Sox : RHP Jon Olivo
Batting: SHB Victor Ruiz 0-0: Ball
1-0: SINGLE (Groundball, 3D, EV 104.4 MPH)
Pitching: RHP Victor Fuentes
Batting: RHB Johannes Gutermuth 0-0: Ball
1-0: Ball
2-0: Ball
3-0: Called Strike
3-1: SINGLE (Groundball, 34S, EV 70.6 MPH) (infield hit)
Victor Ruiz to second
Batting: SHB Joe Fure 0-0: Ball
1-0: Foul Ball, location: 2F
1-1: Ball
2-1: Fielders Choice at 2nd, 3-6 (Groundball, 34S, EV 89.4 MPH)
Victor Ruiz to third
Batting: RHB Roberto Tena 0-0: Called Strike
0-1: Foul Ball, location: 2F
0-2: Ball
1-2: Ball
2-2: Strikes out swinging
Batting: LHB Joel Vera 0-0: Foul Ball, location: 2F
0-1: Foul Ball, location: 2F
0-2: Ball
1-2: Ball
2-2: DOUBLE (Line Drive, 9LM, EV 97.5 MPH)
Victor Ruiz scores
Joe Fure to third
Batting: LHB Dan Morris 0-0: Fly out, F8 (Flyball, 78D, EV 94.4 MPH)
Top of the 6th over - 1 run, 3 hits, 0 errors, 2 left on base; Pulaski 5 - Boston (APP) 3
BOTTOM OF THE 6TH
Boston (APP) Red Sox batting - Pitching for Pulaski Yankees : RHP Vince DeFord
Batting: RHB Rogelio Cervantes 0-0: Called Strike
0-1: Ball
1-1: Ball
2-1: Foul Ball, location: 2F
2-2: Foul Ball, location: 2F
2-2: Strikes out swinging
Batting: RHB Joe Booth 0-0: Ball
1-0: Ball
2-0: Ground out 4-3 (Groundball, 4, EV 107.5 MPH)
Batting: LHB Stanislav Parusov 0-0: Swinging Strike
0-1: Ball
1-1: Called Strike
1-2: Strikes out swinging
Bottom of the 6th over - 0 runs, 0 hits, 0 errors, 0 left on base; Pulaski 5 - Boston (APP) 3
TOP OF THE 7TH
Pulaski Yankees batting - Pitching for Boston (APP) Red Sox : RHP Victor Fuentes
Pitching: RHP Victor Escobar
Batting: SHB Blake Abbott 0-0: Called Strike
0-1: Ball
1-1: Fly out, F8 (Flyball, 8LM, EV 86.9 MPH)
Batting: RHB Mike Gifford 0-0: Ball
1-0: Ball
2-0: Called Strike
2-1: Ground out 1-5-3 (Groundball, 15S, EV 105.0 MPH)
Batting: RHB Bobby Melillo 0-0: Called Strike
0-1: Called Strike
0-2: Foul Ball, location: 2F
0-2: Strikes out swinging
Top of the 7th over - 0 runs, 0 hits, 0 errors, 0 left on base; Pulaski 5 - Boston (APP) 3
BOTTOM OF THE 7TH
Boston (APP) Red Sox batting - Pitching for Pulaski Yankees : RHP Vince DeFord
Pitching: RHP Travis Tate
Batting: RHB Matt Hinkle 0-0: Ball
1-0: Ball
2-0: Ball
3-0: Called Strike
3-1: Swinging Strike
3-2: Strikes out swinging
Batting: RHB Frank Sokolosky 0-0: Called Strike
0-1: Ball
1-1: Ground out 4-3 (Groundball, 4M, EV 101.3 MPH)
Batting: RHB William Lung 0-0: Ball
1-0: Called Strike
1-1: DOUBLE (Groundball, 3L, EV 100.0 MPH)
Batting: LHB Frank Olivo 0-0: Ball
1-0: Ball
2-0: Ball
3-0: Base on Balls
Batting: RHB Mike Strey 0-0: Ground out 4-3 (Groundball, 4, EV 88.1 MPH)
Bottom of the 7th over - 0 runs, 1 hit, 0 errors, 2 left on base; Pulaski 5 - Boston (APP) 3
TOP OF THE 8TH
Pulaski Yankees batting - Pitching for Boston (APP) Red Sox : RHP Victor Escobar
Batting: SHB Victor Ruiz 0-0: Called Strike
0-1: Ball
1-1: SINGLE (Line Drive, 8RS, EV 103.8 MPH)
Batting: RHB Johannes Gutermuth 0-0: Called Strike
0-1: Foul Ball, location: 2F
0-2: Strikes out swinging
Batting: SHB Joe Fure 0-0: Ball
1-0: Fly out, F8 (Flyball, 8LD, EV 87.5 MPH)
Batting: RHB Roberto Tena 0-0: Ball
1-0: Called Strike
1-1: Called Strike
1-2: Strikes out looking
Top of the 8th over - 0 runs, 1 hit, 0 errors, 1 left on base; Pulaski 5 - Boston (APP) 3
BOTTOM OF THE 8TH
Boston (APP) Red Sox batting - Pitching for Pulaski Yankees : RHP Travis Tate
Pitching: LHP Steve Martin
Batting: SHB Eric Evans 0-0: Called Strike
0-1: Ball
1-1: Foul Ball, location: 2F
1-2: Ball
2-2: Foul Ball, location: 2F
2-2: Ball
3-2: Foul Ball, location: 2F
3-2: Foul Ball, location: 2F
3-2: Base on Balls
Batting: RHB Rogelio Cervantes 0-0: Called Strike
0-1: Foul Ball, location: 2F
0-2: Ball
1-2: Fly out, F7 (Flyball, 7, EV 90.6 MPH)
Batting: RHB Joe Booth 0-0: Swinging Strike
0-1: Ball
1-1: Swinging Strike
1-2: Strikes out looking
Pinch Hitting: RHB Josh Graham 0-0: Ball
1-0: Swinging Strike
1-1: Called Strike
1-2: Ball
2-2: Fly out, F9 (Line Drive, 89M, EV 93.1 MPH)
Bottom of the 8th over - 0 runs, 0 hits, 0 errors, 1 left on base; Pulaski 5 - Boston (APP) 3
TOP OF THE 9TH
Pulaski Yankees batting - Pitching for Boston (APP) Red Sox : RHP Victor Escobar
Pitching: RHP Juan Mejia
Now at 2B: Ben Crossley
Batting: LHB Joel Vera 0-0: Ball
1-0: Ball
2-0: Ball
3-0: Base on Balls
Batting: LHB Dan Morris 0-0: Ball
1-0: Called Strike
Joel Vera steals 2nd base
1-1: Ball
2-1: Bunt missed!
2-2: Strikes out looking
Batting: SHB Blake Abbott 0-0: Called Strike
0-1: Ball
1-1: Called Strike
Joel Vera steals 3rd base
1-2: Foul Ball, location: 2F
1-2: Ball
2-2: Ground out 5-3 (Groundball, 56, EV 111.3 MPH)
Batting: RHB Mike Gifford 0-0: Foul Ball, location: 2F
0-1: Swinging Strike
0-2: Ball
1-2: Strikes out swinging
Top of the 9th over - 0 runs, 0 hits, 0 errors, 1 left on base; Pulaski 5 - Boston (APP) 3
BOTTOM OF THE 9TH
Boston (APP) Red Sox batting - Pitching for Pulaski Yankees : LHP Steve Martin
Pitching: RHP John Robidoux
Batting: RHB Matt Hinkle 0-0: Ground out 6-3 (Groundball, 6, EV 86.3 MPH)
Pinch Hitting: LHB Eddie Contreras 0-0: Fly out, F4 (Popup, 4MD, EV 51.9 MPH)
Batting: RHB William Lung 0-0: Swinging Strike
0-1: Ball
1-1: Ball
2-1: Called Strike
2-2: Strikes out swinging
Bottom of the 9th over - 0 runs, 0 hits, 0 errors, 0 left on base; Pulaski 5 - Boston (APP) 3
Thursday, March 31st , 2022 - OOTP Baseball 22.12 Build 89